 Dungeon Crawl Stone Soup version 0.31.0-32-g396128a36d (webtiles) character file.

Game seed: 3475319840249305371

311148 concernfroge the Warrior (level 20, -1/289 HPs)
             Began as a Minotaur Berserker on Apr 16, 2024.
             Was a Priest of Trog.
             Killed from afar by an acid blob (7 damage)
             ... with a splash of acid
             ... created by the Royal Jelly
             ... on level 5 of the Pits of Slime on Apr 17, 2024.
             The game lasted 03:50:45 (38624 turns).

concernfroge the Warrior (Minotaur Berserker)      Turns: 38624, Time: 03:50:46

Health: -1/289     AC: -1    Str: 25 (27) XL:     20   Next: 41%
Magic:  19/19      EV:  2    Int: 10      God:    Trog [***...]
Gold:   2482       SH: 25    Dex: 12      Spells: 19/19 levels left

rFire   + . .        a - +6 morningstar "Vifoiw" {drain, rC+ SInv}
rCold   + . .        c - +0 tower shield
rNeg    . . .        C - melded +8 plate armour "Nushamimus" {rPois rC+}
rPois   +            (helmet currently unavailable)
rElec   +            w - melded +2 cloak
rCorr   +            i - melded +1 pair of gloves {hurl}
SInv    +            X - melded +0 pair of boots of Akedioza {+Blink rF+ rC-}
Will    +++..        E - amulet of reflection
Stlth   +            t - ring of resist corrosion
HPRegen 1.68/turn    V - ring "Zaohir Jeblo" {Fly rElec rF+ Str-2 Int+6}
MPRegen 0.16/turn

%: reflection
@: mighty, tree-form, strong-willed, corroded, on berserk cooldown,
regenerating, slowed, very slow
A: stationary, stasis, torment immunity, boosted hp, (horns 2), (retaliatory
headbutt), deterioration 1, wild magic 1
}: 2/15 runes: serpentine, barnacled
a: Renounce Religion, Berserk, Trog's Hand


You were on level 5 of the Pits of Slime.
You worshipped Trog.
Trog was most pleased with you.
You were a tree.
You visited 8 branches of the dungeon, and saw 37 of its levels.
You also visited: Gauntlet.

You collected 5219 gold pieces.
You spent 2737 gold pieces at shops.

Inventory:

Hand Weapons
 a - the +6 morningstar "Vifoiw" (weapon) {drain, rC+ SInv}
   (You took it off a merfolk javelineer on level 4 of the Shoals)

   rC+:       It protects you from cold.
   SInv:      It lets you see invisible.
 b - the +10 war axe of Distant Shores {elec, Int+2}
   (You found it on level 5 of the Lair of Beasts)

   Int+2:     It affects your intelligence (+2).
Missiles
 f - 3 atropa-tipped darts
 v - 45 boomerangs (quivered)
 y - 20 darts of dispersal
 A - 17 javelins
 N - 2 throwing nets
Armour
 c - a +0 tower shield (worn)
 i - a +1 pair of gloves of hurling (melded)
 w - a +2 cloak (melded)
 C - the +8 plate armour "Nushamimus" (melded) {rPois rC+}
   (You bought it in a shop on level 4 of the Dungeon)

   rC+:       It protects you from cold.
   rPois:     It protects you from poison
 X - the +0 pair of boots of Akedioza (melded) {+Blink rF+ rC-}
   (You bought it in a shop on level 1 of the Snake Pit)

   rF+:       It protects you from fire.
   rC-:       It makes you vulnerable to cold.
   +Blink:    It lets you blink.
Jewellery
 t - a ring of resist corrosion (left branch)
 z - an amulet of the acrobat
 E - an amulet of reflection (around neck)
 K - a ring of willpower
 P - the amulet of Vitality {RegenMP++ Regen++}
   (You took it off a yaktaur captain on level 14 of the Dungeon)

   [amulet of magic regeneration]

   RegenMP:   It increases your rate of magic regeneration.
   Regen++:   It increases your rate of health regeneration.
 V - the ring "Zaohir Jeblo" (right branch) {Fly rElec rF+ Str-2 Int+6}
   (You acquired it on level 1 of the Shoals)

   [ring of intelligence]

   Str-2:     It affects your strength (-2).
   Int+6:     It affects your intelligence (+6).
   rF+:       It protects you from fire.
   rElec:     It insulates you from electricity.
   Fly:       It grants you flight.
Wands
 o - a wand of charming (25)
 s - a wand of polymorph (13)
 u - a wand of flame (42)
 D - a wand of roots (29)
 J - a wand of mindburst (17)
 U - a wand of acid (11)
 W - a wand of digging (14)
Scrolls
 h - 4 scrolls of poison
 k - 6 scrolls of teleportation
 q - 5 scrolls of fog
 r - 4 scrolls of fear
 x - a scroll of silence
 B - 2 scrolls of vulnerability
 F - 3 scrolls of immolation
 M - 3 scrolls of torment
 Q - a scroll of brand weapon
Potions
 e - 2 potions of cancellation
 g - 2 potions of might
 l - 3 potions of lignification
 m - 8 potions of attraction
 n - 4 potions of mutation
 O - 5 potions of enlightenment
 R - 3 potions of resistance
Miscellaneous
 d - a lightning rod (4/4)
 H - a box of beasts
 Z - a phantom mirror (inert)


   Skills:
 + Level 20.3 Fighting
 - Level 5.0(12.8) Axes
 - Level 13.1(16.0) Maces & Flails
 - Level 13.1(16.0) Polearms
 - Level 14.0(17.9) Staves
 - Level 10.0 Throwing
 - Level 19.5 Armour
 - Level 10.0 Dodging
 - Level 18.0 Shields
 - Level 10.0 Evocations


You had 19 spell levels left.
You didn't know any spells.
Your spell library was empty.

Dungeon Overview and Level Annotations

Branches:
Dungeon (15/15)            Temple (1/1) D:4            Lair (5/5) D:9
 Shoals (4/4) Lair:2        Snake (4/4) Lair:2        Slime (5/5) Lair:5
    Orc (2/2) D:10            Elf (1/3) Orc:2        Vaults (0/5) D:13
 Depths (0/4) D:15        Gauntlet (visited)

Altars:
Ashenzari
Cheibriados
Dithmenos
Elyvilon
Fedhas
Gozag
Hepliaklqana
Kikubaaqudgha
Makhleb
Nemelex Xobeh
Okawaru
Qazlal
Ru
Sif Muna
Trog
Uskayaw
Vehumet
Wu Jian
Xom
Yredelemnul
Zin
The Shining One
Jiyva

Shops:
D:3 !   D:4 *   Orc:2 *[[(   Elf:1 =   Shoals:1 ?:   Snake:1 [[   Snake:2 =::

Annotations:
Shoals:2 3 runed translucent doors, exclusion: 3 doors, Cauthr Ravany's ghost, adept GrEE; Kehia's ghost, adept DrWn; Liimbo's ghost, adept FoWn; rutigerpupkin's ghost, journeyman GrEE
Snake:3 2 transporters, Sonipp's ghost, adept GrFi
Elf:1 1 runed translucent door


Innate Abilities, Weirdness & Mutations

You are a tree.
Your roots penetrate the ground, keeping you stationary.
You cannot be teleported.
You are immune to unholy pain and torment.
Your maximum health is greatly increased.
Your equipment is partially melded.
((You have a pair of horns on your head.))
((You reflexively headbutt those who attack you in melee.))
Your body sometimes deteriorates upon taking damage.
Your spells are a little harder to cast, but a little more powerful.


Message History

You puncture the acid blob!
Your hands burn!
* * * LOW HITPOINT WARNING * * *
You headbutt the acid blob.
The acid blob is heavily wounded.
You block the acid blob's attack.
You hit the acid blob but do no damage.
Your hands burn!
* * * LOW HITPOINT WARNING * * *
The acid blob is heavily wounded.
You block the acid blob's attack. The acid blob spits acid at you.
The splash of acid hits you! You resist.
* * * LOW HITPOINT WARNING * * *
The acid corrodes you!
You hit the acid blob but do no damage.
Your hands burn!
* * * LOW HITPOINT WARNING * * *
The acid blob is heavily wounded.
You block the acid blob's attack.
You puncture the acid blob!
Your hands burn!
* * * LOW HITPOINT WARNING * * *
The acid blob is heavily wounded.
You block the acid blob's attack. The acid blob spits acid at you.
The splash of acid hits you! You resist.
* * * LOW HITPOINT WARNING * * *
You turn into a tree.
Your +2 cloak melds into your body.
Your +1 pair of gloves of hurling melds into your body.
The +0 pair of boots of Akedioza {+Blink rF+ rC-} melds into your body.
The +8 plate armour "Nushamimus" {rPois rC+} melds into your body.
Your aim is not that steady anymore.
Your roots penetrate the ground.
You block the acid blob's attack.
You puncture the acid blob! The acid corrodes you!
Your branches burn!
* * * LOW HITPOINT WARNING * * *
The acid blob is severely wounded.
The acid blob hits you!!
* * * LOW HITPOINT WARNING * * *
You are splashed with acid.
You resist.
* * * LOW HITPOINT WARNING * * *
The acid blob spits acid at you. The splash of acid hits you! You resist.
You die...

.............................#
...........................###
.(..........................#
...........................##
.....#......................##
....#.#......................#
...#...#.
...#..............#####
#..#####
#.#.##...............# .#.#
:$# $![#♣...............#
..##:
:##...?[(J..#..............
.#. $[
..#:??#................. #.. #
#.#.##................ ..
#................... ..
#.................. .
#.................
#.................
$#.................


You could see an acid blob (drained).

Vanquished Creatures
  the Royal Jelly (Slime:5)
  Mara (Shoals:4)
  Rupert (Lair:4)
  Mlioglotl (Snake:1)
  15 acid blobs
  3 sphinxes
  Donald (Shoals:1)
  Kirke (D:15)
  Agnes (D:14)
  Aizul (Snake:3)
  6 azure jellies
  10 rockslimes
  A deep elf sorcerer (Elf:1)
  14 nagarajas (Snake:4)
  An iron dragon (D:14)
  A deep elf elementalist (Elf:1)
  An orc warlord (Orc:2)
  The ghost of Bony the Eclecticist, a journeyman DECj of Vehumet (Shoals:1)
  10 quicksilver oozes
  3 deep elf annihilators (Elf:1)
  The ghost of tbry the Peltast, a journeyman MiFi of Nemelex Xobeh (Lair:5)
  2 ettins
  A merfolk javelineer (Shoals:4)
  A vault guard (D:13)
  Josephine (Lair:3)
  A yaktaur captain (D:14)
  An entropy weaver (shapeshifter) (D:13)
  11 merfolk impalers
  4 hydras
  2 catoblepae
  A salamander tyrant (Snake:4)
  7 merfolk avatars
  13 anacondas
  11 centaur warriors
  2 alligator snapping turtles
  2 boulder beetles
  12 satyrs
  3 two-headed ogres
  An ironbound frostheart (D:13)
  4 alligators
  3 dancing weapons (Elf:1)
  11 naga warriors
  5 merfolk aquamancers
  10 death yaks
  An occultist (D:14)
  2 orc high priests
  A tengu warrior (D:14)
  Urug (Lair:2)
  18 naga sharpshooters
  5 deep elf knights
  Nergalle (D:11)
  6 shock serpents
  3 skeletal warriors (D:15)
  Lodul (D:11)
  Amaemon (D:9)
  2 fire crabs
  3 goliath frogs (Shoals:3)
  6 skysharks
  4 salamander mystics
  A storm dragon skeleton (D:15)
  10 sea snakes
  A glowing orange brain (Slime:5)
  9 naga ritualists
  A flayed ghost (D:15)
  14 mana vipers
  A spark wasp zombie (D:15)
  Pikel (D:8)
  6 deep elf archers (Elf:1)
  A necromancer (D:15)
  29 harpies
  An orc knight (Orc:1)
  14 deep elf zephyrmancers
  6 ugly things
  9 deep elf pyromancers
  23 fauns
  17 manticores
  6 shining eyes
  7 cyclopes
  5 meliai
  15 salamanders
  6 merfolk sirens
  A worldbinder (Gauntlet)
  3 water nymphs
  16 naga magi
  6 guardian serpents (Snake:4)
  8 elephants
  An orange demon (D:9)
  2 gargoyles
  45 black mambas
  8 cane toads
  A cane toad (shapeshifter) (D:14)
  An eye of devastation (Slime:4)
  13 komodo dragons
  2 efreet
  An unseen horror (D:13)
  Psyche (D:8)
  6 rime drakes
  2 freezing wraiths
  2 tengu conjurers (D:13)
  28 merfolk
  6 polar bears
  6 trolls
  A polar bear (shapeshifter) (D:14)
  A wolf spider simulacrum (D:15)
  13 blink frogs
  8 wind drakes
  3 hornets
  A tarantella (shapeshifter) (D:14)
  2 glass eyes (Slime:5)
  9 snapping turtles
  9 dream sheep
  2 air elementals
  43 slime creatures
  A shadow (D:10)
  8 wraiths
  8 wyverns
  5 basilisks
  2 humans (D:13)
  A water elemental (Shoals:3)
  25 yaks
  A fire elemental (Elf:1)
  A hog (D:15)
  2 steam dragons
  Edmund (D:6)
  Menkaure (D:4)
  42 nagas
  4 vampire mosquitoes
  An acid dragon (D:12)
  27 water moccasins
  The ghost of soylentplaid the Digger, an amateur GrEE (D:3)
  31 orc warriors
  2 ice beasts
  A laughing skull (D:15)
  A sky beast (D:7)
  20 ogres
  2 black bears
  A black bear (shapeshifter) (D:15)
  25 wolves
  A boggart (Gauntlet)
  4 centaurs
  A phantom (D:6)
  5 kobold brigands
  13 bullfrogs
  2 gnoll sergeants (D:9)
  2 scorpions (D:4)
  2 earth elementals
  11 killer bees
  3 howler monkeys
  3 hounds
  3 jellies
  2 bombardier beetles
  17 orc priests
  31 orc wizards
  A sleepcap (D:6)
  Natasha (twice) (D:3)
  Ijyb (D:3)
  6 iguanas
  6 hell rats (Lair:2)
  Robin (D:2)
  15 gnolls
  9 adders
  2 shadow imps
  A white imp (D:8)
  3 dart slugs
  5 ribbon worms
  87 orcs
  9 endoplasms
  3 giant cockroaches
  16 goblins
  9 hobgoblins
  6 jackals
  12 kobolds
  3 quokkas
  8 ball pythons
  7 bats
  2 frilled lizards
  8 rats
1209 creatures vanquished.

Vanquished Creatures (collateral kills)
  Nikola (Shoals:4)
  A sphinx (Shoals:4)
  A nagaraja (Snake:4)
  A rockslime (Slime:5)
  A frost giant (D:10)
  A formless jellyfish (Shoals:4)
  An orc warlord (Orc:2)
  2 minotaurs
  4 satyrs (Shoals:4)
  An orc high priest (Orc:2)
  2 slime creatures
  A cyclops (D:15)
  A faun (Shoals:4)
  2 trolls (Orc:2)
  A hornet (Lair:5)
  A water elemental (Shoals:4)
  A naga (Snake:4)
  7 orc warriors (Orc:2)
  An orc priest (Orc:2)
  2 orc wizards (Orc:2)
  7 orcs (Orc:2)
40 creatures vanquished.

Vanquished Creatures (others)
  A nagaraja (Snake:4)
  3 deep elf knights (Elf:1)
  A deep elf zephyrmancer (Elf:1)
  A faun (Shoals:4)
  A deep elf pyromancer (Elf:1)
  A merfolk siren (Shoals:4)
  A naga mage (Snake:4)
  A merfolk (Shoals:4)
  A snapping turtle (Shoals:4)
  2 humans (D:15)
13 creatures vanquished.

Grand Total: 1262 creatures vanquished

Notes
Turn   | Place    | Note
-------+----------+-------------------------------------------
     0 | D:1      | concernfroge the Minotaur Berserker began the quest for the
                  | Orb.
     0 | D:1      | Reached XP level 1. HP: 19/19 MP: 0/0
    82 | D:1      | Reached skill level 4 in Fighting
   142 | D:1      | Reached XP level 2. HP: 27/27 MP: 1/1
   209 | D:1      | Found a faded altar of an unknown god.
   587 | D:2      | Reached XP level 3. HP: 34/34 MP: 2/2
   602 | D:1      | Reached ** piety under Trog
   686 | D:2      | Noticed Robin
   697 | D:2      | Reached XP level 4. HP: 41/41 MP: 3/3
   703 | D:2      | Killed Robin
   704 | D:2      | Reached skill level 5 in Fighting
  1291 | D:3      | Found a runed translucent door.
  1291 | D:3      | Noticed soylentplaid's ghost (amateur GrEE)
  1454 | D:3      | Noticed Ijyb
  1465 | D:3      | Killed Ijyb
  1466 | D:3      | Reached skill level 5 in Axes
  1466 | D:3      | Reached XP level 5. HP: 48/48 MP: 4/4
  1543 | D:3      | Noticed Natasha
  1552 | D:3      | Killed Natasha
  1669 | D:3      | Found Dablosah's Distillery.
  1672 | D:3      | Bought a potion of degeneration for 11 gold pieces
  1672 | D:3      | Bought a potion of heal wounds for 55 gold pieces
  1672 | D:3      | Bought a potion of curing for 33 gold pieces
  1889 | D:3      | Noticed Natasha
  1896 | D:3      | Killed Natasha
  1897 | D:3      | Reached skill level 5 in Armour
  1932 | D:4      | Reached XP level 6. HP: 56/56 MP: 5/5
  2193 | D:4      | Noticed Menkaure
  2225 | D:4      | Killed Menkaure
  2226 | D:4      | Reached XP level 7. HP: 61/61 MP: 6/6
  2282 | D:4      | Reached *** piety under Trog
  2382 | D:4      | Found a staircase to the Ecumenical Temple.
  2410 | Temple   | Entered the Ecumenical Temple
  2413 | D:4      | Found Paafy's General Store.
  2421 | D:4      | Bought a scroll of identify for 22 gold pieces
  2720 | D:5      | Entered Level 5 of the Dungeon
  2740 | D:5      | Reached skill level 6 in Fighting
  3131 | D:5      | Reached skill level 7 in Fighting
  3131 | D:5      | Reached XP level 8. HP: 63/73 MP: 7/7
  3479 | D:6      | Reached skill level 8 in Fighting
  3701 | D:6      | Reached skill level 9 in Fighting
  3782 | D:6      | Reached XP level 9. HP: 47/83 MP: 8/8
  3849 | D:6      | Noticed Edmund
  3860 | D:6      | Killed Edmund
  3867 | D:6      | Found a sacrificial altar of Ru.
  4075 | D:6      | Found a glowing drain.
  4181 | D:6      | Found a hazy altar of Hepliaklqana.
  4499 | D:7      | Paralysed by a hornet for 1 turns
  4504 | D:7      | Reached skill level 10 in Fighting
  4504 | D:7      | Reached skill level 10 in Armour
  4734 | D:7      | Reached **** piety under Trog
  5597 | D:8      | Noticed Psyche
  5598 | D:8      | Found a shadowy altar of Dithmenos.
  5605 | D:8      | Killed Psyche
  5607 | D:8      | Found an ornate altar of the Wu Jian Council.
  5609 | D:8      | Found a glowing silver altar of Zin.
  5896 | D:8      | Reached skill level 5 in Throwing
  6039 | D:9      | Reached skill level 1 in Staves
  6054 | D:8      | Reached XP level 10. HP: 13/93 MP: 9/9
  6145 | D:9      | Reached skill level 5 in Staves
  6206 | D:9      | Noticed an orange demon
  6207 | D:9      | Noticed Amaemon
  6210 | D:9      | Noticed Pikel
  6229 | D:8      | Killed Pikel
  6262 | D:9      | Killed an orange demon
  6349 | D:9      | Found a staircase to the Lair.
  6349 | D:9      | Noticed a fire crab
  6365 | D:9      | Killed a fire crab
  6554 | D:9      | Killed Amaemon
  6632 | D:9      | Reached skill level 10 in Staves
  6917 | D:10     | Entered Level 10 of the Dungeon
  6924 | D:10     | Found a staircase to the Orcish Mines.
  7201 | D:10     | Noticed a two-headed ogre
  7207 | D:10     | Killed a two-headed ogre
  7490 | D:10     | Reached XP level 11. HP: 86/99 MP: 10/10
  7766 | D:10     | Noticed a frost giant
  7766 | D:10     | Noticed a tengu warrior
  7766 | D:10     | Noticed a centaur warrior
  7876 | Lair:1   | Entered Level 1 of the Lair of Beasts
  8029 | Lair:1   | Found a gate leading to a gauntlet.
  8049 | Gauntlet | Entered a Gauntlet
  8049 | Gauntlet | Found a transporter.
  8058 | Gauntlet | Found a transporter.
  8061 | Gauntlet | Found a transporter.
  8062 | Gauntlet | Found a transporter.
  8073 | Gauntlet | Found a transporter.
  8074 | Gauntlet | Found a transporter.
  8077 | Gauntlet | Noticed a large abomination
  8078 | Gauntlet | Found a runed translucent door.
  8078 | Gauntlet | Found a transporter.
  8082 | Gauntlet | Found a transporter.
  8085 | Gauntlet | Found a transporter.
  8086 | Gauntlet | Found a transporter.
  8094 | Gauntlet | Found a transporter.
  8094 | Gauntlet | Found a runed translucent door.
  8094 | Gauntlet | Noticed a death drake
  8097 | Gauntlet | Found a transporter.
  8098 | Gauntlet | Found a transporter.
  8104 | Gauntlet | Found a runed translucent gate.
  8106 | Gauntlet | Found a transporter.
  8107 | Gauntlet | Found a runed translucent gate.
  8108 | Gauntlet | Found a runed translucent gate.
  8190 | Gauntlet | Noticed a naga warrior
  8257 | Gauntlet | Noticed a minotaur
  8267 | Gauntlet | Killed a minotaur
  8268 | Gauntlet | Reached skill level 5 in Evocations
  8620 | Lair:2   | Noticed a four-headed hydra
  8630 | Lair:2   | Killed a four-headed hydra
  8745 | Lair:2   | Noticed Urug
  8755 | Lair:2   | Noticed a skyshark
  8765 | Lair:2   | Killed Urug
  8766 | Lair:2   | Reached skill level 5 in Dodging
  8770 | Lair:2   | Killed a skyshark
  8803 | Lair:2   | Reached skill level 1 in Polearms
  8819 | Lair:2   | Found a staircase to the Shoals.
  8839 | Lair:2   | Reached skill level 1 in Shields
  8839 | Lair:2   | Reached XP level 12. HP: 77/106 MP: 11/11
  8917 | Lair:2   | Identified the +0 chain mail "Zoagy" {rPois Regen+ Str-3}
  8961 | Lair:2   | Found a staircase to the Snake Pit.
  9203 | Lair:2   | Reached ***** piety under Trog
  9210 | Lair:2   | Reached skill level 5 in Polearms
  9218 | Lair:2   | Reached skill level 5 in Shields
  9227 | Lair:2   | Found a white marble altar of Elyvilon.
  9369 | Lair:2   | Noticed a catoblepas
  9406 | Lair:2   | Killed a catoblepas
 10059 | Lair:3   | Reached skill level 10 in Polearms
 10095 | Lair:3   | Noticed Josephine
 10102 | Lair:3   | Killed Josephine
 10803 | Lair:4   | Reached XP level 13. HP: 114/114 MP: 12/12
 11030 | Lair:4   | Reached skill level 11 in Fighting
 11255 | Lair:4   | Noticed Rupert
 11264 | Lair:4   | Killed Rupert
 11264 | Lair:4   | Received a gift from Trog
 11265 | Lair:4   | Reached skill level 12 in Fighting
 11728 | Lair:5   | Entered Level 5 of the Lair of Beasts
 12264 | Lair:5   | Found a runed translucent gate.
 12265 | Lair:5   | Found a runed translucent gate.
 12265 | Lair:5   | Noticed tbry's ghost (journeyman MiFi)
 12266 | Lair:5   | Found a runed translucent gate.
 12313 | Lair:5   | Reached XP level 14. HP: 126/126 MP: 13/13
 12356 | Lair:5   | Found a staircase to the Slime Pits.
 12357 | Lair:5   | Found a viscous altar of Jiyva.
 13015 | D:3      | Killed soylentplaid's ghost
 13310 | Lair:5   | Killed tbry's ghost
 13387 | Lair:5   | Identified the +10 war axe of Distant Shores {elec, Int+2}
 13389 | Lair:5   | Reached skill level 10 in Shields
 13389 | Lair:5   | Reached XP level 15. HP: 132/132 MP: 14/14
 13641 | D:10     | Killed a frost giant
 13886 | D:11     | Noticed Lodul
 13898 | D:11     | Killed Lodul
 13899 | D:11     | Reached skill level 10 in Dodging
 14261 | D:11     | Noticed Nergalle
 14269 | D:11     | Killed Nergalle
 14495 | D:4      | Bought the +8 plate armour "Nushamimus" {rPois rC+} for 893
                  | gold pieces
 14500 | D:4      | Bought a scroll of brand weapon for 104 gold pieces
 15446 | D:13     | Reached skill level 10 in Evocations
 15623 | D:13     | Reached skill level 13 in Fighting
 16369 | D:13     | Found a gate to the Vaults.
 16968 | D:14     | Reached skill level 14 in Fighting
 17059 | D:14     | Noticed an iron dragon
 17060 | D:14     | Noticed a sphinx
 17069 | D:14     | Killed an iron dragon
 17072 | D:14     | Killed a sphinx
 17227 | D:14     | Reached XP level 16. HP: 147/147 MP: 15/15
 17299 | D:14     | Noticed Agnes
 17311 | D:14     | Killed Agnes
 17590 | D:15     | Entered Level 15 of the Dungeon
 17612 | D:15     | Noticed Kirke
 17625 | D:15     | Killed Kirke
 17631 | D:15     | Found a broken altar of Ashenzari.
 17648 | D:15     | Found a staircase to the Depths.
 17802 | D:15     | Found a shimmering blue altar of Sif Muna.
 17840 | D:15     | Reached skill level 15 in Fighting
 17840 | D:15     | Reached skill level 15 in Armour
 18349 | D:15     | Found a runed translucent door.
 18933 | Orc:1    | Entered Level 1 of the Orcish Mines
 19359 | Orc:2    | Entered Level 2 of the Orcish Mines
 19417 | Orc:2    | Found a staircase to the Elven Halls.
 20022 | Orc:2    | Found Hullagg's Armour Shoppe.
 20081 | Orc:2    | Received a gift from Trog
 20278 | Orc:2    | Found Latasye's General Store.
 20382 | Orc:2    | Reached skill level 16 in Fighting
 20429 | Orc:2    | Found Lynuqes's Antique Armour Boutique.
 20430 | Orc:2    | Found Jufuthroha's Antique Weapon Shop.
 20637 | Orc:2    | Bought a pair of glowing gloves for 157 gold pieces
 21433 | Snake:1  | Entered Level 1 of the Snake Pit
 21573 | Snake:1  | Noticed Mlioglotl
 21593 | Snake:1  | Killed Mlioglotl
 21988 | Snake:1  | Identified the +3 ring mail of Valour {Will++}
 22135 | Snake:1  | Found Zuiddasm's Antique Armour Shoppe.
 22135 | Snake:1  | Found Cithoeg's Antique Armour Emporium.
 22161 | Snake:1  | Bought a pair of ancient boots for 294 gold pieces
 22161 | Snake:1  | Identified the +0 pair of boots of Akedioza {+Blink rF+
                  | rC-} (You bought it in a shop on level 1 of the Snake Pit)
 22472 | Snake:1  | Bought a runed buckler for 232 gold pieces
 22945 | Snake:2  | Reached skill level 10 in Throwing
 23194 | Snake:2  | Reached XP level 17. HP: 160/160 MP: 16/16
 23474 | Snake:2  | Found Xuic's Jewellery Emporium.
 23474 | Snake:2  | Found Edeinar's Book Boutique.
 23475 | Snake:2  | Found Beocro Tiuck's Book Boutique.
 23520 | Snake:2  | Reached skill level 17 in Fighting
 23671 | Snake:2  | Received a gift from Trog
 24659 | Snake:3  | Reached skill level 18 in Fighting
 24660 | Snake:3  | Identified the serpent talisman of the Kettle-Drum {rElec}
 24660 | Snake:3  | Noticed Aizul
 24674 | Snake:3  | Killed Aizul
 24798 | Snake:3  | Found a transporter.
 24802 | Snake:3  | Found a bloodstained altar of Trog.
 24813 | Snake:3  | Found a transporter.
 24815 | Snake:3  | Noticed Sonipp's ghost (adept GrFi)
 26375 | Shoals:1 | Entered Level 1 of the Shoals
 26432 | Shoals:1 | Found a runed translucent door.
 26432 | Shoals:1 | Noticed Bony's ghost (journeyman DECj)
 26461 | Shoals:1 | Killed Bony's ghost
 26524 | Shoals:1 | Identified the ring of Paranoia {Fire rElec Str-4 Dex+5}
 26528 | Shoals:1 | Identified the +4 short sword of Big Damage {pain, *Slow
                  | Will+ Dex+7}
 26620 | Shoals:1 | Found Iruem's Vocational Training.
 26631 | Shoals:1 | Noticed Donald
 26641 | Shoals:1 | Killed Donald
 27035 | Shoals:1 | Found Ememeerph's Magic Scroll Shoppe.
 27316 | Shoals:1 | Bought a scroll of acquirement for 936 gold pieces
 27318 | Shoals:1 | Acquired the ring "Zaohir Jeblo" {Fly rElec rF+ Str-2
                  | Int+6}
 27606 | Shoals:2 | Found a runed translucent gate.
 27606 | Shoals:2 | Found a runed translucent gate.
 27606 | Shoals:2 | Found a runed translucent gate.
 27631 | Shoals:2 | Received a gift from Trog
 28408 | Shoals:2 | Noticed Kehia's ghost (adept DrWn)
 28410 | Shoals:2 | Noticed Liimbo's ghost (adept FoWn)
 28411 | Shoals:2 | Noticed Cauthr Ravany's ghost (adept GrEE)
 28414 | Shoals:2 | Noticed rutigerpupkin's ghost (journeyman GrEE)
 28834 | Shoals:2 | Reached ****** piety under Trog
 28839 | Shoals:2 | Reached XP level 18. HP: 172/172 MP: 17/17
 29333 | Shoals:3 | Reached skill level 15 in Shields
 29351 | Shoals:3 | Received a gift from Trog
 30101 | Shoals:3 | Found a runed translucent door.
 30337 | Shoals:3 | Acquired 868 gold pieces
 30499 | Snake:4  | Entered Level 4 of the Snake Pit
 30512 | Snake:4  | Found a shadowy altar of Dithmenos.
 30726 | Snake:4  | Received a gift from Trog
 31908 | Snake:4  | Received a gift from Trog
 32015 | Snake:4  | Got a serpentine rune of Zot
 32252 | Snake:4  | Reached XP level 19. HP: 180/180 MP: 18/18
 32594 | Shoals:4 | Entered Level 4 of the Shoals
 32665 | Shoals:4 | Reached skill level 19 in Fighting
 32844 | Shoals:4 | Noticed Mara
 32857 | Shoals:4 | Noticed concernfroge's illusion
 32866 | Shoals:4 | Killed Mara
 33035 | Shoals:4 | Reached skill level 20 in Fighting
 33040 | Shoals:4 | Noticed Nikola
 33047 | Shoals:4 | Killed Nikola
 33053 | Shoals:4 | Received a gift from Trog
 33464 | Shoals:4 | Got a barnacled rune of Zot
 33466 | Shoals:4 | Identified the +0 ring mail of Happiness {Dex+4}
 33497 | Shoals:4 | Identified the +6 morningstar "Vifoiw" {drain, rC+ SInv}
 34011 | Elf:1    | Entered Level 1 of the Elven Halls
 34011 | Elf:1    | Found a runed translucent gate.
 34011 | Elf:1    | Found a runed translucent gate.
 34011 | Elf:1    | Found a runed translucent gate.
 34011 | Elf:1    | Found a runed translucent gate.
 34011 | Elf:1    | Found a runed translucent gate.
 34011 | Elf:1    | Found a runed translucent gate.
 34012 | Elf:1    | Found a runed translucent door.
 34026 | Elf:1    | Reached skill level 1 in Maces & Flails
 34035 | Elf:1    | Found a runed translucent door.
 34153 | Elf:1    | Paralysed by an air elemental for 1 turns
 34183 | Elf:1    | Found Woshraomi's Jewellery Emporium.
 34487 | Orc:2    | Received a gift from Trog
 34530 | Elf:1    | Reached skill level 5 in Maces & Flails
 35741 | Slime:1  | Entered Level 1 of the Pits of Slime
 36187 | Slime:3  | Gained mutation: Your body sometimes deteriorates upon
                  | taking damage. [a shining eye]
 36191 | Slime:3  | Gained mutation: You occasionally shout uncontrollably at
                  | your foes. [a shining eye]
 36194 | Slime:3  | Gained mutation: Your body often deteriorates upon taking
                  | damage. [a shining eye]
 36537 | Slime:3  | Reached XP level 20. HP: 193/193 MP: 19/19
 36593 | Slime:3  | Reached skill level 10 in Maces & Flails
 36973 | Slime:5  | Entered Level 5 of the Pits of Slime
 37376 | Slime:5  | Gained mutation: Your magical capacity is low. (-10% MP) [a
                  | shining eye]
 37593 | Slime:5  | Noticed the Royal Jelly
 37917 | Slime:4  | Lost mutation: You occasionally shout uncontrollably at
                  | your foes. [potion of mutation]
 37917 | Slime:4  | Lost mutation: Your magical capacity is low. (-10% MP)
                  | [potion of mutation]
 37917 | Slime:4  | Lost mutation: Your body often deteriorates upon taking
                  | damage. [potion of mutation]
 37917 | Slime:4  | Gained mutation: Your spells are a little harder to cast,
                  | but a little more powerful. [potion of mutation]
 37962 | Slime:5  | Killed the Royal Jelly
 38624 | Slime:5  | HP: 10/289 [acid blob[the Royal Jelly] (32)]
 38624 | Slime:5  | Killed from afar by an acid blob

Illustrated notes

Levels and vault maps discovered:
D:1:      minmay_arrival_wavy_path, layout_basic, basic_ecumenical_altar
D:2:      layout_rooms, uniq_robin
D:3:      layout_basic, hellmonk_ghost_happy_afterlife, serial_shops,
          nicolae_shop_real_fake_doors, uniq_ijyb, uniq_natasha
D:4:      layout_rooms, minmay_temple_entry_crystal_x, serial_shops,
          nicolae_diamond_shop, hangedman_decor_points, uniq_menkaure
D:5:      layout_cave_pools
D:6:      layout_cave_pools, mainiacjoe_overflow_chevrons,
          worldfamousw_hep_ancestral_shrine, cheibrodos_sewer_entry_bend,
          minmay_unpleasant_kobolds, uniq_edmund
D:7:      layout_loops_ring
D:8:      layout_basic, grunt_temple_overflow_open, uniq_psyche
D:9:      layout_cave_pools, minmay_lair_entry_lava, uniq_pikel, uniq_amaemon
D:10:     layout_cave_pods, orc_0_dummy, serial_glass, glass_columns_a,
          glass_columns_b, minivault_25_ag
D:11:     layout_loops_ring, uniq_lodul, uniq_nergalle
D:12:     layout_big_octagon
D:13:     minmay_crescents, layout_loops_ring, hellmonk_vaults_keyhole,
          portal_ice_cave_entry_pillars_2, palyth_stone_intersect,
          kennysheep_cross_room
D:14:     minmay_sliced_demisemicircle, layout_cave_pools, serial_rivers,
          chequers_serial_rivers_small_3, chequers_serial_rivers_large_b,
          chequers_serial_rivers_small_3, chequers_serial_rivers_micro_d,
          chequers_serial_rivers_room_b, uniq_agnes
D:15:     gammafunk_depths_entry_grave, layout_basic, evilmike_ruin_ashenzari,
          serial_rivers, chequers_serial_rivers_marsh,
          chequers_serial_rivers_marsh, chequers_serial_rivers_micro_d,
          chequers_serial_rivers_micro_c, chequers_serial_rivers_small_b,
          statue_in_the_mist_lemuel, minmay_st_funbox,
          nicolae_sif_muna_condensation, uniq_kirke
Temple:   nicolae_temple_bog_church
Lair:1:   layout_big_grid, gauntlet_entry_generic
Lair:2:   layout_chaotic_city, elwin_shoals_entry_rocks,
          minmay_snake_entry_six_corridors, basic_altar,
          hangedman_lair_generics_rect, grunt_megastairs_1, uniq_urug
Lair:3:   layout_gridlike, uniq_josephine
Lair:4:   layout_cellular_growth, uniq_rupert
Lair:5:   gammafunk_lair_ancient_temple, layout_loops_ring, slime_entry_1,
          gammafunk_ghost_split
Shoals:1: cheibrodos_shoals_epimethial_gifts, layout_shoals,
          gammafunk_ghost_grave, serial_shops, shop, nicolae_shop_vocational,
          uniq_donald
Shoals:2: cheibrodos_shoals_oceanic_diplomacy, layout_shoals,
          gammafunk_ghost_cemetery
Shoals:3: nicolae_shoals_offshore_bank_account, layout_shoals,
          nicolae_shoals_former_cling_ruins, nicolae_shoals_goliath_grotto
Shoals:4: shoals_end_hellmonk_lost_city, serial_shops, uniq_mara, uniq_nikola
Snake:1:  layout_rooms, grunt_megastairs_4, minmay_shoptagon, uniq_mlioglotl
Snake:2:  layout_basic, drop_trap, lemuel_fruit_tree, minmay_shop_grove
Snake:3:  layout_honeycomb, gammafunk_ghost_wrathful_warriors, uniq_aizul
Snake:4:  grunt_snake_rune_spirals, layout_onion, basic_altar, special_room
Slime:1:  layout_caves
Slime:2:  layout_caves
Slime:3:  layout_caves, nicolae_slime_round_cave
Slime:4:  layout_caves
Slime:5:  slime_pit_nicolae_amoeboid
Orc:1:    layout_diamond_mine, basic_altar
Orc:2:    grunt_orc_community_town_hall, layout_diamond_mine,
          grunt_orc_community_big_house_2, grunt_orc_community_big_house_2,
          grunt_orc_community_house_1, grunt_orc_community_house_1,
          grunt_orc_community_house_3, grunt_orc_community_house_1,
          grunt_orc_community_house_3, grunt_orc_community_house_3
Elf:1:    nicolae_elf_arrival_dilemma, layout_loops_corners, serial_shops,
          nicolae_square_shop, minivault_28, nicolae_twisty_statue_hallways

Skill      XL: |  1  2  3  4  5  6  7  8  9 10 11 12 13 14 15 16 17 18 19 20 |
---------------+-------------------------------------------------------------+-----
Fighting       | 4 5 7 9 10 12 14 16 18 20 | 20.3
Axes           | 4 5 |  5.0
Armour         | 3 4 5 7 9 10 12 14 16 18 19 | 19.5
Evocations     | 2 4 6 8 9 10 | 10.0
Throwing       | 5 6 10 | 10.0
Staves         | 4 11 14 | 14.0
Dodging        | 6 8 9 10 | 10.0
Polearms       | 1 10 13 | 13.1
Shields        | 1 6 8 10 14 18 | 18.0
Maces & Flails | 9 13 | 13.1

Action                     |  1- 3 |  4- 6 |  7- 9 | 10-12 | 13-15 | 16-18 | 19-21 || total
---------------------------+-------+-------+-------+-------+-------+-------+-------++-------
  Melee: Hand axe          |    53 |   134 |   278 |    18 |       |       |       ||   483
         Headbutt          |    10 |    18 |    52 |   124 |   123 |   218 |   193 ||   738
         Punch             |     2 |     2 |     3 |       |       |       |       ||     7
         Quarterstaff      |       |       |       |   460 |       |       |       ||   460
         Demon trident     |       |       |       |    77 |   639 |  1629 |   298 ||  2643
         War axe           |       |       |       |       |       |    26 |    40 ||    66
         Morningstar       |       |       |       |       |       |       |   433 ||   433
  Throw: Dart              |       |       |       |     5 |       |       |       ||     5
         Boomerang         |       |       |       |     2 |       |    67 |    67 ||   136
         Javelin           |       |       |       |       |       |     3 |    13 ||    16
         Throwing net      |       |       |       |       |       |       |     5 ||     5
 Invoke: Berserk           |     2 |     4 |    11 |    13 |    10 |    14 |     3 ||    57
         Trog's Hand       |       |     4 |     5 |     7 |     7 |    14 |    22 ||    59
         Brothers in Arms  |       |       |       |     1 |     3 |     5 |     6 ||    15
  Evoke: Wand              |       |       |       |     1 |     4 |    12 |    14 ||    31
         Phantom mirror    |       |       |       |       |       |     1 |     1 ||     2
    Use: Potion            |       |     1 |     2 |     1 |     1 |     4 |    15 ||    24
         Scroll            |       |       |    10 |    13 |    10 |    11 |    17 ||    61
   Stab: Invisible         |       |       |       |     1 |       |       |       ||     1
         Petrified         |       |       |       |     3 |       |       |       ||     3
         Distracted        |       |       |       |       |     1 |     1 |       ||     2
 Armour: Chain mail        |    44 |    98 |   144 |    37 |   156 |       |       ||   479
         Plate armour      |       |       |   173 |   274 |   109 |   632 |   518 ||  1706
         Skin              |       |       |       |       |       |       |     2 ||     2
  Dodge: Dodged            |    29 |    57 |   137 |   166 |   146 |   283 |   163 ||   981
  Block: Buckler           |       |       |       |    23 |   151 |   208 |       ||   382
         Reflection        |       |       |       |       |     9 |   122 |    81 ||   212
         Kite shield       |       |       |       |       |       |   505 |     9 ||   514
         Tower shield      |       |       |       |       |       |       |   884 ||   884
